 Dungeon Crawl Stone Soup version 0.28.0 (webtiles) character file.

Game seed: 14707687946834985880

4 rockstonesolid the Sneak (level 1, -2/13 HPs)
             Began as a Gnoll Enchanter on Feb 17, 2022.
             Slain by a kobold (3 damage)
             ... on level 1 of the Dungeon.
             The game lasted 00:01:51 (86 turns).

rockstonesolid the Sneak (Gnoll Enchanter)            Turns: 86, Time: 00:01:52

Health: -2/13      AC:  2    Str:  7    XL:     1   Next: 70%
Magic:  6/6        EV: 13    Int: 14    God:
Gold:   12         SH:  0    Dex: 12    Spells: 9/9 levels left

rFire   . . .      SeeInvis .   a - +1 dagger
rCold   . . .      Faith    .   (no shield)
rNeg    . . .      Spirit   .   b - +0 robe
rPois   .          Reflect  .   (no helmet)
rElec   .          Harm     .   (no cloak)
rCorr   .          Rampage  .   (no gloves)
Will    .....                   (no boots)
Stlth   +++.......              (no amulet)
HPRegen 0.04/turn               (no ring)
MPRegen 0.10/turn               (no ring)

@: no status effects
A: fangs 1, strong nose, distributed training
a: no special abilities


You were on level 1 of the Dungeon.
You visited 1 branch of the dungeon, and saw 1 of its levels.

You collected 12 gold pieces.

Inventory:

Hand Weapons
 a - a +1 dagger (weapon)
Missiles
 d - 2 poisoned darts (quivered)
Armour
 b - a +0 robe (worn)
Scrolls
 e - a scroll of holy word {unknown}
Potions
 c - a potion of invisibility


   Skills:
 + Level 0.1 Fighting
 + Level 2.4 Short Blades
 + Level 0.1 Long Blades
 + Level 0.1 Axes
 + Level 0.1 Maces & Flails
 + Level 0.1 Polearms
 + Level 0.1 Staves
 + Level 0.1 Slings
 + Level 0.1 Bows
 + Level 0.1 Crossbows
 + Level 0.1 Throwing
 + Level 0.1 Armour
 + Level 4.4 Dodging
 + Level 5.9 Stealth
 + Level 0.1 Shields
 + Level 0.1 Unarmed Combat
 + Level 4.9 Spellcasting
 + Level 0.1 Conjurations
 + Level 5.3 Hexes
 + Level 0.1 Summonings
 + Level 0.1 Necromancy
 + Level 0.1 Translocations
 + Level 0.1 Transmutations
 + Level 0.1 Fire Magic
 + Level 0.1 Ice Magic
 + Level 0.1 Air Magic
 + Level 0.1 Earth Magic
 + Level 0.1 Poison Magic
 + Level 0.2 Invocations
 + Level 0.1 Evocations


You had 9 spell levels left.
You didn't know any spells.
Your spell library contained the following spells:

 Spells                   Type           Power      Damage    Failure   Level
 Confusing Touch          Hex            18%        N/A       6%          3
 Tukima's Dance           Hex            18%        N/A       6%          3
 Ensorcelled Hibernation  Hex/Ice        22%        N/A       9%          2
 Dazzling Flash           Conj/Hex       22%        N/A       17%         3


Dungeon Overview and Level Annotations

Branches:
Dungeon (1/15)

Altars:

Shops:
D:1 [


Innate Abilities, Weirdness & Mutations

You have very sharp teeth.
Your uncanny sense of smell can sniff out nearby items.
Your experience applies equally to all skills.


Message History

You are too injured to fight recklessly!
You are too injured to fight recklessly!
You are too injured to fight recklessly!
You are too injured to fight recklessly!
You are too injured to fight recklessly!
You are too injured to fight recklessly!
You are too injured to fight recklessly!
You are too injured to fight recklessly!
You are too injured to fight recklessly!
You are too injured to fight recklessly!
You are too injured to fight recklessly!
You are too injured to fight recklessly!
You are too injured to fight recklessly!
You are too injured to fight recklessly!
You are too injured to fight recklessly!
You are too injured to fight recklessly!
You are too injured to fight recklessly!
You are too injured to fight recklessly!
You hit the hobgoblin but do no damage. Your punch misses the hobgoblin.
The kobold hits you but does no damage. The bat barely misses you.
The hobgoblin completely misses you.
You barely miss the hobgoblin. The bat barely misses you. x2
The kobold hits you with a +0 dagger. The hobgoblin closely misses you.
The hobgoblin closely misses you. The bat barely misses you.
You closely miss the bat. Your bite misses the bat.
The bat hits you but does no damage. The kobold barely misses you.
The hobgoblin hits you.
* * * LOW HITPOINT WARNING * * *
The bat closely misses you. The hobgoblin closely misses you.
The bat barely misses you. The bat closely misses you.
There is an entrance to Diniw's Antique Armour Boutique here.
You hit the hobgoblin. The bat closely misses you. The hobgoblin misses you.
The bat hits you but does no damage.
You hit the hobgoblin.
You kill the hobgoblin!
The bat barely misses you.
You barely miss the kobold. The bat closely misses you.
The kobold hits you with a +0 dagger.
You die...

♣. P.P♣ #.#)..#....♣.
♣♣♣♣♣ #.....#.....♣ ##
#######........♣ ###+#.
...#...........
......#####.#.##........
.....[#.......##.....#..
......≈≈≈....##......#..
.....≈≈≈≈≈...##......#..
.....≈≈@≈≈...+....####.#
.....≈bK≈≈...#.....
###+#.≈.≈###.#.....
#.....##...#......
###.....#.#.# ..
.....>.#.#.#.#.#
.........#.....#
......##......##
.................#


You could see a bat and a kobold.

Vanquished Creatures
  A giant cockroach (D:1)
  A hobgoblin (D:1)
  A kobold (D:1)
  A frilled lizard (D:1)
4 creatures vanquished.

Notes
Turn   | Place    | Note
-------+----------+-------------------------------------------
     0 | D:1      | rockstonesolid the Gnoll Enchanter began the quest for the
                  | Orb.
     0 | D:1      | Reached XP level 1. HP: 13/13 MP: 6/6
    49 | D:1      | Found Diniw's Antique Armour Boutique.
    86 | D:1      | Slain by a kobold

Illustrated notes

Levels and vault maps discovered:
D:1:      psy_arrival_fountain, layout_basic, serial_shops,
          nicolae_shop_waterfront, chequers_garden

Action                   || total
-------------------------++-------
Melee: Dagger            ||    24
       Punch             ||     1
       Bite              ||     1
Armor: Robe              ||     7
Dodge: Dodged            ||    29
